 Dungeon Crawl Stone Soup version 0.21-a0-529-g8c7b3f5 (webtiles) character file.

1560 Nagafetish the Covert (level 8, -9/67 HPs)
             Began as a Naga Hunter on Dec 9, 2017.
             Mangled by an ogre
             ... wielding a +0 giant club
              (16 damage)
             ... on level 6 of the Dungeon on Dec 10, 2017.
             The game lasted 00:11:58 (5994 turns).

Nagafetish the Covert (Naga Hunter)                 Turns: 5994, Time: 00:11:59

Health: -9/67      AC:  6    Str: 15    XL:     8   Next: 89%
Magic:  8/8        EV: 18    Int: 12    God:
Gold:   155        SH:  0    Dex: 18    Spells: 7/7 levels left

rFire    . . .     SeeInvis +   g - +3 short sword (drain)
rCold    . . .     Gourm    .   (no shield)
rNeg     . . .     Faith    .   c - +0 leather armour
rPois    +         Spirit   .   A - +0 helmet
rElec    .         Reflect  .   v - +0 cloak
rCorr    .         Harm     .   (no gloves)
MR       +....                  (no barding)
Stlth    ++++++....             (no amulet)
HPRegen  0.21/turn              n - ring of stealth
MPRegen  0.11/turn              (no ring)

@: agile, hasted, quick
A: large, see invisible, deformed body, poison resistance, slowness 2, slow
metabolism 1, spit poison 1, AC +2
a: Spit Poison


You were on level 6 of the Dungeon.
You were not hungry.

You visited 1 branch of the dungeon, and saw 6 of its levels.

You collected 303 gold pieces.
You spent 148 gold pieces at shops.

Inventory:

Hand Weapons
 a - a +1 hand crossbow
 g - a +3 short sword of draining (weapon)
 q - a +2 short sword of holy wrath
 x - a +0 falchion of flaming
Missiles
 d - 72 bolts
Armour
 c - a +0 leather armour (worn)
 v - a +0 cloak (worn)
 A - a +0 helmet (worn)
Jewellery
 n - a ring of stealth (left hand)
Wands
 y - a wand of digging (6)
Scrolls
 e - 3 scrolls of teleportation {unknown}
 j - 10 scrolls of remove curse
 k - 3 scrolls of magic mapping {unknown}
 l - 7 scrolls of identify
 o - 2 scrolls of noise {unknown}
 r - 2 scrolls of immolation {unknown}
 s - a scroll of fear {unknown}
 u - 2 scrolls of enchant weapon {unknown}
 z - a scroll of brand weapon {unknown}
Potions
 h - a potion of lignification
 p - 2 potions of mutation
 t - 3 potions of haste
 B - a potion of curing
Comestibles
 f - 4 bread rations
 i - 5 royal jellies
 m - 5 meat rations
 w - a fruit


   Skills:
 - Level 2.0 Fighting
 - Level 5.1 Short Blades
 - Level 4.1 Crossbows
 + Level 5.6 Dodging
 + Level 10.1 Stealth


You had 7 spell levels left.
You didn't know any spells.

Dungeon Overview and Level Annotations

Branches:
Dungeon (6/15)
 Temple: D:4-7

Altars:
Makhleb
Uskayaw

Shops:
D:4 *

Annotations:
D:6 Dowan, Duvessa


Innate Abilities, Weirdness & Mutations

You cannot wear boots.
Your serpentine skin is tough. (AC +2)
You have supernaturally acute eyesight. (SInv)
Armour fits poorly on your strangely shaped body.
Your system is resistant to poisons. (rPois)
You cover ground very slowly.
You have a slow metabolism.
You can spit poison.


Message History

You hit Duvessa but do no damage.
Duvessa is moderately wounded.
You hear an angry hiss.
Duvessa barely misses you.
You barely miss Duvessa.
Duvessa is moderately wounded.
You hit Duvessa but do no damage. You drain Duvessa!
Duvessa is moderately wounded.
Duvessa hits you with a short sword.
You hit Duvessa but do no damage.
Duvessa is moderately wounded.
The ogre hits you with a giant club!!
* * * LOW HITPOINT WARNING * * *
Duvessa completely misses you.
You hit Duvessa but do no damage. You drain Duvessa!
Duvessa is heavily wounded.
You hit Duvessa. You drain Duvessa!
Duvessa is severely wounded.
Duvessa closely misses you. The ogre hits you with a giant club!
You die...

####### #......
#...... .
#......#### ##.
#...?.O@e.# #..
#....e5##.#########
#.# ...a...
#.........# #.#
..#.### #.........#
#.# ... #.........#
##.# ..
#.........###..## .
#...............#
#.........##..#..
##...##.......##.


You could see Duvessa, an ogre, Dowan, a worker ant and a crimson imp.

Vanquished Creatures
  A two-headed ogre (D:5)
  Sigmund (D:4)
  A scorpion (D:5)
  A crimson imp (D:5)
  A jelly (D:5)
  3 hounds
  2 orc priests
  5 orc wizards
  A bullfrog skeleton (D:4)
  Terence (D:3)
  3 worker ants
  7 adders
  4 gnolls (D:4)
  A shadow imp (D:5)
  An adder skeleton (D:4)
  4 worms
  2 dart slugs
  5 leopard geckos
  20 orcs
  7 giant cockroaches
  10 goblins
  3 hobgoblins (D:2)
  14 jackals
  4 kobolds
  4 quokkas
  4 bats (D:2)
  9 frilled lizards
  A leopard gecko skeleton (D:4)
  19 rats
139 creatures vanquished.

Notes
Turn   | Place    | Note
-------+----------+-------------------------------------------
     0 | D:1      | Nagafetish the Naga Hunter began the quest for the Orb.
     0 | D:1      | Reached XP level 1. HP: 19/19 MP: 1/1
   594 | D:1      | Reached XP level 2. HP: 21/26 MP: 2/2
  1099 | D:2      | Reached skill level 1 in Short Blades
  1164 | D:2      | Reached XP level 3. HP: 13/32 MP: 3/3
  1556 | D:2      | Reached XP level 4. HP: 39/39 MP: 4/4
  2333 | D:3      | Noticed Terence
  2343 | D:3      | Killed Terence
  2481 | D:3      | Reached XP level 5. HP: 39/45 MP: 5/5
  3075 | D:4      | Reached skill level 5 in Short Blades
  3075 | D:4      | Reached XP level 6. HP: 47/52 MP: 6/6
  3347 | D:4      | Reached skill level 2 in Stealth
  3368 | D:4      | Found Miom's Assorted Antiques.
  3376 | D:4      | Bought a scroll labeled JUASAG ISSEI for 19 gold pieces
  3376 | D:4      | Bought 2 smoky puce potions for 34 gold pieces
  3376 | D:4      | Bought a worn ivory wand for 76 gold pieces
  3376 | D:4      | Bought a scroll labeled SEXTAZ QAOKLOXT for 19 gold pieces
  3401 | D:4      | Reached skill level 3 in Stealth
  3443 | D:4      | Noticed Sigmund
  3456 | D:4      | Killed Sigmund
  3456 | D:4      | Reached skill level 4 in Stealth
  3456 | D:4      | Reached XP level 7. HP: 43/60 MP: 7/7
  3787 | D:4      | Reached skill level 5 in Stealth
  4290 | D:5      | Entered Level 5 of the Dungeon
  4290 | D:5      | Noticed a two-headed ogre
  4301 | D:5      | Killed a two-headed ogre
  4301 | D:5      | Reached skill level 8 in Stealth
  4301 | D:5      | Reached XP level 8. HP: 19/67 MP: 8/8
  4303 | D:5      | Reached skill level 9 in Stealth
  4707 | D:5      | Reached skill level 5 in Dodging
  5535 | D:5      | Found a burning altar of Makhleb.
  5895 | D:6      | Found a hide-covered altar of Uskayaw.
  5947 | D:6      | Reached skill level 10 in Stealth
  5951 | D:6      | Noticed Duvessa
  5981 | D:6      | Noticed Dowan
  5994 | D:6      | Mangled by an ogre

Vault maps used:
D:1:      onia_arrival_handbag
D:2:      kb_forest_paths
D:3:      glass_columns_b, uniq_terence
D:4:      first_bread, serial_shops, shop_fountains, st_stairs_2, minmay_vboxes,
          uniq_sigmund
D:5:      lemuel_crystal_altar, nrook_mini_vaults
D:6:      kennysheep_steamy, kennysheep_mini_moat, lemuel_round_altar,
          minmay_temple_entry_nine_rooms, uniq_duvessa

Skill      XL: |  1  2  3  4  5  6  7  8 |
---------------+-------------------------+-----
Crossbows      | 4 |  4.1
Short Blades   | 1 2 3 5 |  5.1
Stealth        | 4 8 10 | 10.1
Dodging        | 2 4 5 |  5.6
Fighting       | |  2.0

Action                   |  1- 3 |  4- 6 |  7- 9 || total
-------------------------+-------+-------+-------++-------
Melee: Short sword       |    84 |   136 |   208 ||   428
 Abil: Spit Poison       |     1 |       |     2 ||     3
  Use: Scroll            |       |     5 |       ||     5
       Potion            |       |       |     5 ||     5
 Stab: Sleeping          |     3 |     4 |     6 ||    13
       Distracted        |       |       |     1 ||     1
  Eat: Chunk             |     1 |     5 |     6 ||    12
Armor: Leather armour    |    10 |    28 |    64 ||   102
       Skin              |       |       |    10 ||    10
Dodge: Dodged            |    39 |    67 |   134 ||   240

Table legend:
 A = Spawn XP
 B = Non-spawn XP
 C = Spawn XP percentage of total XP
 D = Spawn monster count
 E = Non-spawn monster count
 F = Spawn count percentage of total count
 G = Total turns spent on level
                    A         B        C        D         E        F      G
               +---------+---------+-------+---------+---------+-------+---------
         Total |       0 |    2229 |   0.0 |       0 |     139 |   0.0 |  5994
               +---------+---------+-------+---------+---------+-------+---------
           D:1 |       0 |      18 |   0.0 |       0 |      15 |   0.0 |   891
           D:2 |       0 |      75 |   0.0 |       0 |      28 |   0.0 |  1108
           D:3 |       0 |     148 |   0.0 |       0 |      27 |   0.0 |  1027
           D:4 |       0 |     577 |   0.0 |       0 |      35 |   0.0 |  1612
           D:5 |       0 |    1286 |   0.0 |       0 |      27 |   0.0 |  1243
           D:6 |       0 |     125 |   0.0 |       0 |       7 |   0.0 |   113
               +---------+---------+-------+---------+---------+-------+---------
